Map: Thunderbird LE

Players

ZAiN

  • Race: Protoss Protoss
  • Spawn Location: 5:00

Future - Winner!

  • Race: Terran Terran
  • Spawn Location: 11:00

Event: NationWars 2019

VOD

Have the link to the VOD?

Description

Time

  • Played on: Oct. 12, 2019, 1:53 p.m.
  • Length: 7:36
Show
View Real Time Build Order
Export as new Build Order

ZAiN Protoss 

Build Orders: 1 Gate Expand, Double Forge, Phoenix Opening, Blink Stalkers 

Get SALT Encoding   

  12  0:00  Probe  
  13  0:12  Probe  
  14  0:17  Pylon  
  14  0:25  Probe (Chrono Boost)  
  15  0:37  Probe (Chrono Boost)  
  15  0:38  Gateway  
  16  0:45  Probe (Chrono Boost)  
  16  0:46  Assimilator  
  17  0:51  Probe  
  18  1:03  Probe  
  19  1:15  Probe  
  20  1:25  Cybernetics Core  
  20  1:33  Nexus  
  20  1:40  Pylon  
  20  1:42  Probe  
  21  1:49  Assimilator  
  21  1:54  Probe  
  21  1:58  Adept (Chrono Boost)  
  22  2:02  Warp Gate  
  22  2:06  Probe  
  25  2:19  Probe  
  25  2:20  Sentry (Chrono Boost)  
  28  2:31  Probe  
  28  2:43  Probe  
  29  2:48  Phoenix, Probe  
  29  2:50  Stalker  
  32  2:57  Probe (Chrono Boost)  
  33  2:59  Twilight Council  
  33  3:00  Probe (Chrono Boost)  
  34  3:08  Robotics Facility  
  34  3:11  Probe (Chrono Boost), Gateway  
  34  3:12  Probe (Chrono Boost)  
  36  3:15  Probe (Chrono Boost)  
  36  3:19  Pylon, Probe  
  38  3:26  Probe  
  39  3:31  Probe  
  40  3:35  Blink (Chrono Boost)  
  40  3:38  Probe  
  40  3:41  Assimilator  
  41  3:43  Probe  
  42  3:50  Stalker, Probe  
  45  3:55  Probe  
  45  3:57  Pylon  
  45  3:59  Observer  
  47  4:03  Probe  
  47  4:05  Stalker  
  50  4:11  Probe  
  50  4:14  Nexus  
  51  4:17  Pylon  
  51  4:20  Probe  
  51  4:22  Observer  
  51  4:23  Probe  
  54  4:28  Stalker  
  56  4:32  Probe  
  58  4:38  Probe  
  58  4:42  Forge  
  58  4:43  Forge  
  58  4:51  Probe  
  56  4:56  Probe  
  56  5:03  Probe  
  57  5:08  Probe  
  57  5:12  Stalker x2  
  62  5:15  Probe, Observer  
  62  5:18  Protoss Ground Armor Level 1 (Chrono Boost)  
  61  5:27  Probe (Chrono Boost)  
  62  5:32  Protoss Ground Weapons Level 1 (Chrono Boost), Probe (Chrono Boost)  
  62  5:33  Charge  
  62  5:35  Probe (Chrono Boost)  
  64  5:42  Probe x2 (Chrono Boost)  
  67  5:44  Probe (Chrono Boost)  
  67  5:46  Gateway  
  67  5:47  Probe, Gateway  
  67  5:49  Probe, Gateway x2  
  69  5:54  Probe  
  70  6:00  Probe  
  70  6:01  Immortal (Chrono Boost)  
  70  6:02  Pylon  
  75  6:09  Sentry  
  75  6:11  Probe x2  
  78  6:14  Gateway  
  79  6:18  Gateway  
  79  6:20  Sentry  
  79  6:24  Pylon  
  81  6:35  Probe  
  81  6:38  Immortal (Chrono Boost)  
  81  6:39  Zealot  
  84  6:43  Pylon  
  84  6:44  Zealot x5  
  84  6:46  Pylon  
  98  6:48  Pylon  
  98  6:53  Pylon  
  94  7:01  Zealot  
Show
View Real Time Build Order
Export as new Build Order

Future Terran - Winner!

Build Orders: Reaper Expand 

Get SALT Encoding   

  12  0:00  SCV  
  13  0:13  SCV  
  14  0:17  Supply Depot  
  14  0:25  SCV  
  15  0:38  SCV  
  15  0:40  Barracks  
  16  0:43  Refinery  
  16  0:50  SCV  
  17  1:02  SCV  
  18  1:15  SCV  
  19  1:27  Orbital Command, Reaper  
  20  1:42  Command Center  
  21  1:54  SCV  
  21  1:59  Supply Depot, Marine  
  22  2:06  SCV  
  23  2:13  Factory  
  23  2:21  Barracks Reactor, SCV  
  24  2:23  Refinery  
  24  2:33  SCV  
  25  2:45  SCV  
  26  2:55  Orbital Command  
  26  2:57  SCV  
  27  2:59  Widow Mine  
  27  3:01  Starport, Marine x2  
  31  3:09  SCV  
  32  3:19  Marine x2  
  34  3:21  SCV x2, Widow Mine  
  38  3:32  Supply Depot  
  38  3:33  SCV x2  
  39  3:37  Marine x2  
  39  3:38  Medivac  
  43  3:42  Widow Mine  
  43  3:45  SCV  
  43  3:47  Supply Depot  
  46  3:54  SCV, Marine  
  46  3:55  Marine  
  49  3:57  SCV  
  50  4:04  Barracks  
  50  4:05  Barracks, Bunker  
  50  4:06  SCV  
  50  4:09  SCV  
  52  4:13  Factory Tech Lab, Starport Tech Lab  
  52  4:18  SCV  
  52  4:19  Marine x2  
  52  4:21  SCV  
  52  4:22  Supply Depot  
  56  4:28  Engineering Bay  
  56  4:30  SCV  
  57  4:31  Refinery  
  57  4:36  SCV  
  58  4:39  Marine  
  58  4:40  Marine  
  58  4:43  SCV  
  61  4:47  Supply Depot  
  61  4:48  SCV  
  62  4:55  SCV  
  62  4:59  Starport Reactor, Factory Reactor  
  63  5:00  SCV  
  63  5:01  Marine x2  
  63  5:05  Combat Shield, Stimpack  
  67  5:07  Terran Infantry Weapons Level 1, SCV  
  67  5:12  SCV, Supply Depot  
  68  5:16  Marauder x2  
  68  5:19  SCV  
  71  5:23  Marine x2  
  71  5:24  SCV, Refinery  
  71  5:26  Supply Depot  
  74  5:31  Missile Turret  
  74  5:37  Marauder  
  74  5:38  Marauder  
  74  5:41  Medivac x2, Marine x2  
  84  5:45  Supply Depot  
  84  5:49  Supply Depot  
  84  5:52  SCV  
  84  5:53  SCV  
  84  5:55  Widow Mine x2  
  90  5:58  Marauder  
  90  5:59  Marine x2  
  94  6:07  Marauder  
  96  6:14  Medivac x2  
  96  6:15  Supply Depot  
  96  6:16  Widow Mine x2  
  96  6:17  Marine x2  
  106  6:24  Supply Depot, Marauder  
  108  6:29  Marauder  
  110  6:38  Command Center  
  110  6:39  Marine x2  
  112  6:42  SCV x2  
  114  6:48  Marauder  
  114  6:50  Marauder  
  118  6:56  Supply Depot  
  118  6:57  Marine  
  109  7:09  Marine  
  109  7:10  Marauder  
  108  7:11  Marauder  
Tags
 
Add a new tag
Caveats
  • Supply blocks, unpowered buildings, or Contaminate may cause inaccurate times.
  • Supply counts are checked every 10 seconds.